 Dungeon Crawl Stone Soup version 0.24-b1 (webtiles) character file.

Game seed: 9000587781925216232, levelgen mode: deterministic

11146 Amanar the Fighter (level 11, 0/73 HPs)
             Began as a Gargoyle Fighter on Oct 12, 2019.
             Was a Priest of Zin.
             Slain by Jorgrun
             ... wielding a +0 quarterstaff of crushing
              (2 damage)
             ... on level 12 of the Dungeon on Nov 2, 2019.
             The game lasted 00:39:59 (11994 turns).

Amanar the Fighter (Gargoyle Fighter)              Turns: 11994, Time: 00:39:59

Health: 0/73       AC: 28    Str: 23    XL:     11   Next: 73%
Magic:  15/15      EV:  2    Int:  9    God:    Zin [***...]
Gold:   522        SH: 16    Dex:  9    Spells: 10/10 levels left

rFire    . . .     SeeInvis .   b - +0 hand crossbow
rCold    . . .     Gourm    .   C - +0 shield
rNeg     + + +     Faith    .   H - +0 plate armour
rPois    ∞         Spirit   .   (no helmet)
rElec    +         Reflect  +   A - scarf {cloud immunity}
rCorr    .         Harm     .   F - +5 pair of gloves of Vaxkenoamp {rN+}
MR       .....                  (no boots)
Stlth    ..........             q - +5 amulet of reflection
HPRegen  0.22/turn              u - ring of positive energy
MPRegen  0.14/turn              (no ring)

@: grasped by roots, constricted
A: negative energy resistance 1, electricity resistance, unbreathing,
petrification resistance, rot immunity, AC +8
a: Recite, Vitalisation, Imprison, Donate Gold, Renounce Religion


You were on level 12 of the Dungeon.
You worshipped Zin.
Zin was most pleased with you.
You were not hungry.

You visited 2 branches of the dungeon, and saw 13 of its levels.
You also visited: Sewer.

You collected 580 gold pieces.
You donated 58 gold pieces to Zin.

Inventory:

Hand Weapons
 a - a +0 flail
 b - a +0 hand crossbow (weapon)
   (You found it on level 8 of the Dungeon)
 g - a +0 hunting sling
   (You found it on level 1 of the Dungeon)
Missiles
 h - 293 stones
 o - 3 bolts (quivered)
 G - 84 sling bullets
Armour
 A - a scarf of cloud immunity (worn)
   (You found it on level 6 of the Dungeon)
 C - a +0 shield (worn)
 F - the +5 pair of gloves of Vaxkenoamp (worn) {rN+}
   (You found it on level 7 of the Dungeon)

   It protects you from negative energy.
 H - a +0 plate armour (worn)
   (You took it off an orc warrior on level 8 of the Dungeon)
Jewellery
 q - a +5 amulet of reflection (around neck)
   (You found it on level 2 of the Dungeon)
 u - a ring of positive energy (left hand)
   (You found it on level 3 of the Dungeon)
Wands
 y - a wand of enslavement (2)
   (You found it on level 4 of the Dungeon)
Scrolls
 d - a scroll of holy word {unknown}
 i - 3 scrolls of immolation {!r}
 j - 3 scrolls of magic mapping
 m - 7 scrolls of identify {@r1}
 r - 3 scrolls of fear
 t - 6 scrolls of teleportation {@r4}
 w - a scroll of vulnerability {unknown}
 B - 4 scrolls of enchant armour {unknown}
 D - 2 scrolls of remove curse {unknown}
 E - 3 scrolls of summoning {unknown}
Potions
 k - 4 potions of agility
 l - a potion of brilliance
 n - a potion of haste {@q3}
 s - 3 potions of curing {@q1}
 v - 2 potions of might
 z - a potion of resistance
Comestibles
 e - 18 rations {!d}


   Skills:
 * Level 10.9 Fighting
 - Level 2.6 Maces & Flails
 - Level 6.8 Slings
 * Level 5.5 Crossbows
 + Level 8.1 Armour
 + Level 8.1 Shields
 + Level 5.0 Invocations
 + Level 5.4 Evocations


You had 10 spell levels left.
You didn't know any spells.
Your spell library contained the following spells:

 Spells                   Type           Power        Failure   Level  Hunger
 Corona                   Hex            #......      100%        1    ##.....
 Freeze                   Ice            #...         100%        1    ##.....
 Slow                     Hex            #.......     100%        2    ###....
 Throw Frost              Conj/Ice       #.....       100%        2    ###....
 Inner Flame              Hex/Fire       #.......     100%        3    ####...
 Ozocubu's Armour         Chrm/Ice       #.......     100%        3    ####...
 Portal Projectile        Hex/Tloc       #.....       100%        3    ####...
 Cause Fear               Hex            #.........   100%        4    #####..
 Leda's Liquefaction      Hex/Erth       #.........   100%        4    #####..
 Summon Ice Beast         Ice/Summ       #.......     100%        4    #####..
 Throw Icicle             Conj/Ice       #.......     100%        4    #####..
 Bolt of Magma            Conj/Fire/Erth #.........   100%        5    ######.
 Irradiate                Conj/Tmut      #.........   100%        5    ######.
 Iskenderun's Battlesphe  Conj/Chrm      #.......     100%        5    ######.
 Venom Bolt               Conj/Pois      #.........   100%        5    ######.
 Hydra Form               Tmut           #.........   100%        6    #######
 Iron Shot                Conj/Erth      #.........   100%        6    #######
 Dragon Form              Tmut           #.........   100%        7    #######
 Orb of Destruction       Conj           #.........   100%        7    #######
 Spellforged Servitor     Conj/Summ      #.........   100%        7    #######
 Statue Form              Tmut/Erth      Unusable     N/A         6    N/A

Dungeon Overview and Level Annotations

Branches:
Dungeon (12/15)            Temple (1/1) D:6            Lair (0/6) D:10
  Sewer (visited)
    Orc: D:9-12

Altars:
Ashenzari
Cheibriados
Hepliaklqana
Nemelex Xobeh
Xom
Zin
The Shining One

Shops:
D:7 *   D:8 !

Annotations:
D:2 1 runed translucent door, Crazy Yiuf
D:3 3 runed translucent doors, RexLacerta's ghost, amateur GrMo
D:12 Jorgrun; Rupert


Innate Abilities, Weirdness & Mutations

You are resistant to torment.
Your stone body is resilient. (AC +8)
You are immune to poison.
You resist negative energy. (rN+)
You are resistant to electric shocks. (rElec)
You can survive without breathing.
You are immune to petrification.
You are immune to rotting.


Message History

Orders for allies: a - Attack new target. r - Retreat! s - Stop attacking. g - Guard the area. f - Follow me.
Anything else - Cancel.
You shout for attention!
You hear a shout!
Jorgrun Earthshaker comes into view.
He is wielding a +0 quarterstaff of crushing.
Rupert yells loudly at you.
You barely resist.
The two-headed ogre hits you but does no damage. x2
All of the chunks of flesh in your inventory have rotted away.
You block the gargoyle's attack. The troll bites you.
You block the troll's attack. x2
The two-headed ogre hits you with a +0 giant spiked club!
The two-headed ogre hits you with a +0 giant club!
Jorgrun gestures at you while chanting.
Roots burst forth from the earth!
The grasping roots grab you!
* * * LOW HITPOINT WARNING * * *
The grasping roots constrict you! Rupert hits you but does no damage.
Unknown command.
Unknown command.
You block the gargoyle's attack. The troll bites you but does no damage.
The troll claws you but does no damage. You block the troll's attack.
The two-headed ogre hits you with a +0 giant spiked club.
* * * LOW HITPOINT WARNING * * *
You block the two-headed ogre's attack.
* * * LOW HITPOINT WARNING * * *
The grasping roots constrict you!
Rupert roars madly and goes into a rage!
Rupert goes berserk!
You block the troll's attack. x2
The troll claws you but does no damage.
The gargoyle hurls a stone arrow at you.
The stone arrow hits you but does no damage.
* * * LOW HITPOINT WARNING * * *
The grasping roots constrict you! The crimson imp puffs mist at you.
The crimson imp hits you but does no damage.
You block the two-headed ogre's attack.
The two-headed ogre hits you with a +0 giant club.
* * * LOW HITPOINT WARNING * * *
Unknown command.
You block Rupert's attack. The troll bites you.
* * * LOW HITPOINT WARNING * * *
The troll claws you but does no damage. x2; The gargoyle barely misses you.
The grasping roots constrict you. Rupert hits you but does no damage.
The crimson imp hits you but does no damage.
The two-headed ogre hits you but does no damage. x2
The troll bites you but does no damage. You block the troll's attack.
The troll claws you but does no damage.
You die...

..#.... ..#....#
.........# #
.......... .##
.........##..#
#....##.......####
....$.......#......
..........5@@......
..........9OT.#....
....>......g.^##..#
..(...............
.[...........#....
.............#.....
.%...........######
............>...#
####..##........#


You could see Rupert (berserk), Jorgrun, a two-headed ogre, a troll, a gargoyle
and a crimson imp.

Vanquished Creatures
  A two-headed ogre (D:8)
  An ugly thing (D:11)
  A manticore (D:11)
  Joseph (D:10)
  A komodo dragon (D:11)
  3 trolls
  4 hippogriffs
  A wyvern (D:8)
  6 yaks (D:10)
  A human (D:7)
  4 hogs (D:7)
  A water moccasin (Sewer)
  5 orc warriors
  An ice beast (D:11)
  A sky beast (D:9)
  2 black bears (D:6)
  A phantom (D:8)
  An eye of draining (D:11)
  4 ogres
  2 wolves (D:10)
  3 centaurs
  2 crocodiles
  A big kobold (D:9)
  6 bullfrogs
  A wyvern zombie (D:10)
  A water moccasin zombie (D:9)
  A wyvern skeleton (D:8)
  6 scorpions
  8 wights
  14 killer bees
  7 howler monkeys
  A jelly (D:11)
  2 electric eels (D:10)
  4 crimson imps
  10 hounds
  4 centaur skeletons
  3 orc priests
  3 bullfrog skeletons
  4 iguanas
  4 orc wizards
  Ijyb (D:4)
  6 worker ants
  5 worker ant zombies
  A gnoll (D:1)
  9 adders
  2 shadow imps
  An ooze (D:2)
  2 adder zombies
  3 adder skeletons
  2 worms
  A dart slug (D:1)
  7 leopard geckos
  30 orcs
  6 ball pythons
  10 bats
  5 giant cockroaches
  8 goblins
  6 hobgoblins
  20 jackals
  9 quokkas
  12 frilled lizards
  A giant cockroach zombie (D:6)
  9 kobolds
  A leopard gecko zombie (D:6)
  8 rats
292 creatures vanquished.

Vanquished Creatures (collateral kills)
  A hippogriff (D:11)
  An orc priest (D:10)
  A jackal (D:11)
3 creatures vanquished.

Vanquished Creatures (others)
  2 centaurs
2 creatures vanquished.

Grand Total: 297 creatures vanquished

Notes
Turn   | Place    | Note
-------+----------+-------------------------------------------
     0 | D:1      | Amanar the Gargoyle Fighter began the quest for the Orb.
     0 | D:1      | Reached XP level 1. HP: 14/14 MP: 1/1
   158 | D:1      | Reached XP level 2. HP: 13/19 MP: 2/2
   474 | D:1      | Reached XP level 3. HP: 20/24 MP: 3/3
  1149 | D:2      | Reached skill level 1 in Slings
  1331 | D:2      | Reached XP level 4. HP: 29/29 MP: 4/4
  1751 | D:2      | Reached skill level 4 in Fighting
  1961 | D:2      | Found a runed translucent door.
  1962 | D:2      | Noticed Crazy Yiuf
  2244 | D:3      | Reached XP level 5. HP: 6/33 MP: 5/5
  2790 | D:3      | Found a glowing golden altar of the Shining One.
  3045 | D:3      | Found a runed translucent gate.
  3045 | D:3      | Found a runed translucent gate.
  3045 | D:3      | Noticed RexLacerta's ghost (amateur GrMo)
  3047 | D:3      | Found a runed translucent gate.
  3241 | D:4      | Noticed Ijyb
  3261 | D:4      | Killed Ijyb
  3269 | D:4      | Reached XP level 6. HP: 18/40 MP: 6/6
  3546 | D:4      | Reached skill level 5 in Fighting
  3823 | D:4      | You fall into a shaft and drop 3 floors!
  3902 | D:7      | Reached skill level 1 in Evocations
  3902 | D:7      | Reached XP level 7. HP: 39/44 MP: 7/7
  4379 | D:7      | Found Jyta's Elemental Accessories.
  4434 | D:7      | Reached skill level 6 in Fighting
  4585 | D:6      | Reached skill level 5 in Armour
  4585 | D:6      | Reached skill level 5 in Shields
  4585 | D:6      | Reached XP level 8. HP: 32/51 MP: 9/9
  4759 | D:5      | Entered Level 5 of the Dungeon
  4784 | D:5      | Found a glowing drain.
  4814 | Sewer    | Entered a sewer
  4843 | Sewer    | Noticed Purgy
  4844 | Sewer    | Noticed Purgy
  4844 | Sewer    | Purgy changed into Purgy the wyvern
  4846 | Sewer    | Noticed Purgy
  4846 | Sewer    | Purgy the wyvern changed into Purgy the water moccasin
  4869 | Sewer    | Killed Purgy the water moccasin
  5783 | D:5      | Noticed Grinder
  5785 | D:5      | Noticed Grinder
  5785 | D:5      | Grinder changed into Grinder the crimson imp
  5801 | D:5      | Killed Grinder the crimson imp
  6045 | D:4      | Reached skill level 7 in Fighting
  6299 | D:4      | Reached skill level 5 in Slings
  6673 | D:6      | Reached XP level 9. HP: 34/57 MP: 9/11
  6995 | D:6      | Found a staircase to the Ecumenical Temple.
  7104 | Temple   | Entered the Ecumenical Temple
  7111 | Temple   | Became a worshipper of Zin the Law-Giver
  7111 | Temple   | Reached * piety under Zin
  7456 | D:7      | Got a pair of ichor-stained gloves
  7467 | D:7      | Identified the +5 pair of gloves of Vaxkenoamp {rN+} (You
                  | found it on level 7 of the Dungeon)
  7704 | D:7      | Reached skill level 8 in Fighting
  7719 | D:7      | Reached skill level 1 in Invocations
  7838 | D:8      | Reached ** piety under Zin
  7871 | D:8      | Noticed a two-headed ogre
  7883 | D:8      | Killed a two-headed ogre
  7883 | D:8      | Reached skill level 9 in Fighting
  7883 | D:8      | Reached XP level 10. HP: 30/66 MP: 11/13
  8786 | D:8      | Reached skill level 1 in Crossbows
  9196 | D:8      | Found Yhusuwo's Distillery.
  9738 | D:9      | Reached *** piety under Zin
 10356 | D:10     | Entered Level 10 of the Dungeon
 10660 | D:10     | Reached skill level 10 in Fighting
 10683 | D:10     | Reached XP level 11. HP: 68/72 MP: 14/14
 11015 | D:10     | Reached skill level 5 in Evocations
 11054 | D:10     | Found a staircase to the Lair.
 11088 | D:10     | Reached **** piety under Zin
 11256 | D:10     | Noticed Joseph
 11260 | D:10     | Killed Joseph
 11653 | D:11     | Reached skill level 5 in Crossbows
 11671 | D:11     | Noticed a manticore
 11686 | D:11     | Killed a manticore
 11788 | D:11     | Noticed a cyan ugly thing
 11788 | D:11     | Noticed a green ugly thing
 11797 | D:11     | Killed a cyan ugly thing
 11797 | D:11     | Reached skill level 5 in Invocations
 11976 | D:12     | Noticed a two-headed ogre
 11986 | D:12     | Noticed Rupert
 11988 | D:12     | Noticed Jorgrun
 11993 | D:12     | HP: 2/73 [troll (2)]
 11994 | D:12     | Slain by Jorgrun

Skill      XL: |  1  2  3  4  5  6  7  8  9 10 11 |
---------------+----------------------------------+-----
Slings         | 1 2 3 4 5 6 |  6.8
Fighting       | 4 5 6 7 9 10 | 10.9
Shields        | 4 5 6 7 8 |  8.1
Armour         | 4 5 6 7 8 |  8.1
Evocations     | 1 2 4 5 |  5.4
Invocations    | 2 3 5 |  5.0
Crossbows      | 3 5 |  5.5
Maces & Flails | |  2.6

Action                   |  1- 3 |  4- 6 |  7- 9 | 10-12 || total
-------------------------+-------+-------+-------+-------++-------
Melee: Flail             |    54 |       |       |     1 ||    55
 Fire: Hunting sling     |   140 |   248 |   571 |   138 ||  1097
       Hand crossbow     |       |       |       |   407 ||   407
Throw: Stone             |       |       |       |    27 ||    27
Invok: Vitalisation      |       |       |       |     1 ||     1
       Imprison          |       |       |       |     1 ||     1
Evoke: Wand              |       |     2 |     9 |    52 ||    63
  Use: Scroll            |       |     5 |     3 |     1 ||     9
       Potion            |       |     1 |     7 |     6 ||    14
  Eat: Chunk             |     1 |     8 |    12 |     6 ||    27
       Ration            |       |       |       |     2 ||     2
Armor: Scale mail        |    75 |    64 |   187 |     1 ||   327
       Skin              |       |     6 |       |       ||     6
       Plate armour      |       |       |       |   319 ||   319
Dodge: Dodged            |    47 |    33 |    89 |    90 ||   259
Block: Shield            |    70 |   129 |   327 |   493 ||  1019
       Reflection        |       |     1 |     1 |    15 ||    17
